cohdb
Replays
Latest Replays
All Replays
Popular Replays
Top Player Replays
Match Explorer
How It Works
Community
CoH3 Stats
Reddit
Sign in to upload your games and track your stats! →
Sign in with Steam
Match 41199327
Unlisted
Match 41199327
Overview
Messages
Build Orders
End
Kradschützen Motorcycle Team
Panzergrenadier Squad
Panzergrenadier Squad
Construct Light Support Kompanie
Fire Support Elements
le.IG 18 Support Gun Team
2.5-tonne Medical Truck
Panzerjäger Mechanized Group
Selects Armored Support Battlegroup
Selects Salvage Kits
Selects Panzer Storm
Veteran Squad Leaders
Construct Panzerarmee Kommand
Flak 36 Anti-tank Gun Team
Flak 36 Anti-tank Gun Team
[HAN]Diederick Kastner
Hawake
Dutnik
MADE.IN.IRAQ
Zippi
roland8510
Bubbciss
Cuttysark
0
0
Comments
sign in to comment!
No comments posted yet!